 Dungeon Crawl Stone Soup version 0.31-a0-1178-gc5c9b8f871 (webtiles) character file.

Game seed: 7046987668858556281

48 grandjackal the Slasher (level 3, -2/31 HPs)
             Began as a Draconian Gladiator on Dec 12, 2023.
             Slain by an orc
             ... wielding a +0 club
              (4 damage)
             ... on level 2 of the Dungeon.
             The game lasted 00:01:56 (1181 turns).

grandjackal the Slasher (Draconian Gladiator)       Turns: 1181, Time: 00:01:57

Health: -2/31      AC:  5    Str: 16    XL:     3   Next: 50%
Magic:  3/3        EV: 13    Int:  8    God:
Gold:   61         SH:  0    Dex: 14    Spells: 2/2 levels left

rFire   . . .        a - +0 long sword
rCold   . . .        (no shield)
rNeg    . . .        (body armour unavailable)
rPois   .            b - +0 hat
rElec   .            (no cloak)
rCorr   .            (no gloves)
SInv    +            (no boots)
Will    .....        (no amulet)
Stlth   +            l - ring of see invisible
HPRegen 0.25/turn    (no ring)
MPRegen 0.08/turn

%: no passive effects
@: no status effects
A: AC +5, unfitting armour, cold-blooded
a: no special abilities


You were on level 2 of the Dungeon.
You visited 1 branch of the dungeon, and saw 2 of its levels.

You collected 61 gold pieces.

Inventory:

Hand Weapons
 a - a +0 long sword (weapon)
Missiles
 c - 3 throwing nets (quivered)
 d - a javelin
 f - 6 curare-tipped darts
Armour
 b - a +0 hat (worn)
Jewellery
 l - a ring of see invisible (left hand)
Scrolls
 e - 3 scrolls of vulnerability {unknown}
 g - 2 scrolls of blinking {unknown}
 j - a scroll of poison {unknown}
 k - a scroll of silence {unknown}
 m - a scroll of noise {unknown}
 n - a scroll of identify {unknown}
 o - a scroll of enchant weapon {unknown}
 p - a scroll of enchant armour {unknown}
Potions
 h - 3 potions of heal wounds {unknown}
 i - a potion of curing {unknown}
 q - a potion of invisibility {unknown}


   Skills:
 + Level 3.1 Fighting
 + Level 3.5 Long Blades
 - Level 2.0 Throwing
 + Level 3.1 Dodging


You had 2 spell levels left.
You didn't know any spells.
Your spell library contained the following spells:

 Spells                   Type           Power      Damage    Failure   Level
 Stone Arrow              Conj/Erth      0%         3d7       78%         3
 Lehudib's Crystal Spear  Conj/Erth      0%         10d2      100%        8
 Animate Armour           Summ/Erth      Unusable   N/A       N/A         4

Dungeon Overview and Level Annotations

Branches:
Dungeon (2/15)

Altars:

Shops:
D:1 ([[=[


Innate Abilities, Weirdness & Mutations

Your plain brown scales are hard. (AC +5)
You cannot fit into any form of body armour.
You are cold-blooded and may be slowed by cold attacks.


Message History

An orc comes into view.
It is wielding a +0 club and wearing a +2 ring mail of fire resistance.
The orc shouts!
You hear a shout!
The orc moves out of view.
An orc comes into view.
It is wielding a +2 whip of electrocution.
A worm and a rat come into view.
The orc shouts!
The rat squeaks loudly.
You hear a bark!
A rat comes into view.
The rat squeaks loudly.
An orc comes into view. It is wielding a +0 club.
The orc shouts!
You hear a shout!
The orc moves out of view.
An orc comes into view. It is wielding a +0 short sword.
An orc wizard comes into view. It is wielding a +0 dagger.
You barely miss the orc.
The orc shouts!
The orc completely misses you. The orc attacks as it pursues you!
The orc hits you with a +2 whip of electrocution.
You are electrocuted!!
Ouch! That really hurt!
* * * LOW HITPOINT WARNING * * *
A jackal comes into view.
The orc hits you with a +2 whip of electrocution.
* * * LOW HITPOINT WARNING * * *
The orc attacks as it pursues you!
The orc hits you with a +2 whip of electrocution.
* * * LOW HITPOINT WARNING * * *
You closely miss the orc.
The jackal barks!
The jackal barely misses you.
You hit the orc.
Your tail-slap misses the orc.
The orc is lightly wounded.
The jackal misses you. The orc hits you but does no damage.
The jackal closely misses you. The orc barely misses you.
You closely miss the orc.
The orc is lightly wounded.
The jackal bites you.
* * * LOW HITPOINT WARNING * * *
The orc completely misses you. The orc hits you with a +0 club.
You die...

#.###.###.........#
#................##
#.#####.#.........##
#.#####.####.#.....#
#....##.# #.#....#.#
#.##.##.# #.#....###
#.##.##.# #.#....#
#.......####......####
####.#####.....o@h†..#
#.# #.####o####.# #.#
#....w....# # ..#
...........# ###
##.#..#...o# #
#.......# .........r
#...##..#.#o #...
.....#.#


You could see a worm, 2 orcs and a jackal.

Vanquished Creatures
  4 dart slugs
  5 endoplasms
  2 giant cockroaches
  3 goblins (D:1)
  6 hobgoblins (D:1)
  A jackal (D:2)
  A quokka (D:2)
  5 ball pythons (D:1)
  2 bats (D:2)
  2 frilled lizards (D:1)
  2 kobolds (D:1)
  3 rats (D:1)
36 creatures vanquished.

Notes
Turn   | Place    | Note
-------+----------+-------------------------------------------
     0 | D:1      | grandjackal the Draconian Gladiator began the quest for the
                  | Orb.
     0 | D:1      | Reached XP level 1. HP: 17/17 MP: 1/1
    79 | D:1      | Found Byuxocil's Armour Boutique.
   147 | D:1      | Reached XP level 2. HP: 25/25 MP: 2/2
   450 | D:1      | Found Biguzxod's Jewellery Shop.
   695 | D:1      | Reached XP level 3. HP: 26/30 MP: 3/3
   732 | D:1      | Found Riz Ilir's Weapon Shop.
   859 | D:1      | Found Zoakuk's Antique Armour Shoppe.
   865 | D:1      | Found Tuny's Antique Armour Emporium.
  1181 | D:2      | Slain by an orc

Illustrated notes

Levels and vault maps discovered:
D:1:      dpeg_arrival_boxes_within_box, layout_loops_corners, serial_shops,
          shop, shop_statue, nicolae_shop_advertising_works
          [nicolae_subvault_shop_adworks], shop, shop, grunt_decor_arrowhead
D:2:      layout_loops_cross, basic_altar, grunt_decor_resistance

Skill      XL: |  1  2  3 |
---------------+----------+-----
Throwing       | 2 |  2.0
Dodging        | 3 |  3.1
Fighting       | 3 |  3.1
Long Blades    | |  3.5

Action                     || total
---------------------------++-------
  Melee: Long sword        ||    88
         Tailslap          ||     6
   Stab: Sleeping          ||     1
 Armour: Skin              ||    40
  Dodge: Dodged            ||    57

Table legend: (Time is in decaauts)
 A = Elapsed time spent in this place.
 B = Non-inter-level travel time spent in this place.
 C = Inter-level travel time spent in this place.
 D = Time resting spent in this place.
 E = Time spent auto-exploring this place.
 F = Levels seen in this place.
 G = Mean time per level.
                   A        B        C        D        E       F      G
               +--------+--------+--------+--------+--------+-----+--------+
         Total |   1201 |   1173 |     28 |      0 |    927 |   2 |  600.5 |
       Dungeon |   1201 |   1173 |     28 |      0 |    927 |   2 |  600.5 |
               +--------+--------+--------+--------+--------+-----+--------+

Top non-repeatable levels by time:
     D:1: 1068 daAuts
     D:2: 133 daAuts
